 Dungeon Crawl Stone Soup version 0.20.1-1-g8b1a95d (webtiles) character file.

15341 manon the Cleaver (level 12, -3/113 HPs)
             Began as a Minotaur Berserker on Sept 24, 2017.
             Was an Elder of Trog.
             Slain by a 17-headed hydra (6 damage)
             ... on level 2 of the Lair of Beasts.
             The game lasted 01:16:41 (9751 turns).

manon the Cleaver (Minotaur Berserker)              Turns: 9751, Time: 01:16:43

Health: -3/113     AC: 17    Str: 24    XL:     12   Next: 0%
Magic:  16/16      EV:  8    Int:  7    God:    Trog [****..]
Gold:   740        SH:  0    Dex: 13    Spells: 11/11 levels left

rFire    . . .     SeeInvis .   U - +0 great mace
rCold    . . .     Gourm    .   (shield currently unavailable)
rNeg     . . .     Faith    .   K - +0 plate armour
rPois    +         Spirit   .   b - +0 hat
rElec    .         Reflect  .   R - +0 cloak
rCorr    .         Harm     .   (no gloves)
MR       .....                  f - +0 pair of boots
Stlth    ..........             (no amulet)
Regen    0.3/turn               l - +3 ring of intelligence
MPRegen  0.2/turn               Z - ring of poison resistance

@: no status effects
A: retaliatory headbutt, horns 2
a: Berserk, Trog's Hand, Brothers in Arms, Burn Spellbooks, Renounce Religion


You were on level 2 of the Lair of Beasts.
You worshipped Trog.
Trog was greatly pleased with you.
You were not hungry.

You visited 2 branches of the dungeon, and saw 12 of its levels.

You collected 860 gold pieces.
You spent 120 gold pieces at shops.

Inventory:

Hand Weapons
 C - a +0 shortbow
 L - a +2 vampiric halberd
 U - a +0 great mace (weapon)
Missiles
 w - 160 arrows
 y - a curare-tipped needle
 Y - 11 tomahawks (quivered)
Armour
 b - a +0 hat (worn)
 f - a +0 pair of boots (worn)
 K - a +0 plate armour (worn)
 Q - +0 ice dragon scales
 R - a +0 cloak (worn)
Jewellery
 l - a +3 ring of intelligence (left hand)
 Z - a ring of poison resistance (right hand)
Wands
 d - a wand of flame (12/48)
 g - a wand of flame (18/48)
 n - a wand of lightning (5/15)
 x - a wand of flame (23/48)
 A - a wand of digging (4/24)
 I - a wand of enslavement (15/24)
 M - a wand of polymorph (20/24)
 S - a wand of confusion (10/48)
Scrolls
 h - a scroll of acquirement {unknown}
 m - 6 scrolls of remove curse
 r - 2 scrolls of teleportation
 u - 4 scrolls of fog
 z - 5 scrolls of magic mapping
 G - a scroll of immolation
 N - a scroll of fear
 P - a scroll of recharging
 T - a scroll of silence
 W - a scroll of blinking
Potions
 a - 2 potions of lignification {unknown}
 c - a potion of invisibility {unknown}
 e - 2 potions of curing {unknown}
 i - a potion of mutation {unknown}
 j - a potion of magic
 o - a potion of agility
 p - a potion of heal wounds
 t - 3 potions of might
 v - a potion of haste {unknown}
 F - a potion of cancellation {unknown}
 X - a potion of brilliance {unknown}
Comestibles
 k - 7 chunks of flesh
 q - 6 meat rations
 s - 7 bread rations


   Skills:
 + Level 12.5 Fighting
   Level 14.5 Axes
 + Level 10.2 Armour
 - Level 2.1 Dodging
 - Level 6.9 Evocations


You had 11 spell levels left.
You didn't know any spells.

Dungeon Overview and Level Annotations

Branches:
Dungeon (10/15)            Temple (0/1) D:5            Lair (2/6) D:10
  Swamp: Lair:2-4    Shoals: Lair:2-4     Snake: Lair:2-4    Spider: Lair:2-4
    Orc: D:9-12

Altars:
Fedhas
Qazlal
Trog
Uskayaw
Zin

Shops:
D:6 :   D:8 *   D:9 %

Portals:
Trove: D:10 (give +3 gold dragon scales)

Annotations:
D:10 Sonja


Innate Abilities, Weirdness & Mutations

You reflexively headbutt those who attack you in melee.
You have a pair of horns on your head.


Message History

The 17-headed hydra bites you but does no damage. x4
The 17-headed hydra completely misses you.
The 17-headed hydra barely misses you. The 17-headed hydra bites you.
* * * LOW HITPOINT WARNING * * *
The 17-headed hydra barely misses you. The 17-headed hydra bites you!
* * * LOW HITPOINT WARNING * * *
The 17-headed hydra bites you but does no damage. x2
The 17-headed hydra bites you!
* * * LOW HITPOINT WARNING * * *
The 17-headed hydra bites you but does no damage.
Unknown command.
You hit the 17-headed hydra. You headbutt the 17-headed hydra.
The 17-headed hydra is almost dead.
The 17-headed hydra bites you.
* * * LOW HITPOINT WARNING * * *
The 17-headed hydra closely misses you. The 17-headed hydra bites you!
* * * LOW HITPOINT WARNING * * *
The 17-headed hydra bites you but does no damage.
The 17-headed hydra bites you.
You die...

##....###.#...P#
#....## #..#.P.#
##...## #....#.
##..P# #.#... .
##...# #.# ..
#....###.### ...
##..###....##....
#...............
##...##..@D...#
#...##P.......#.
##..##...........
#P.#.#.......##.
##..#........#
#...#..........
##..............
.#..####.#...##
##.### ###.##


You could see a 17-headed hydra.

Vanquished Creatures
  Gastronok (Lair:1)
  A hydra (Lair:1)
  A two-headed ogre (D:10)
  2 death yaks (D:10)
  The ghost of Totori the Cleaver, a novice MiFi of Gozag (D:6)
  Pikel (D:9)
  Joseph (D:8)
  2 black mambas (Lair:1)
  Psyche (D:10)
  A komodo dragon (Lair:1)
  2 spiny frogs
  A guardian mummy (D:10)
  A merfolk (D:9)
  3 blink frogs (Lair:2)
  Prince Ribbit (D:7)
  A hippogriff (Lair:2)
  3 yaks (D:10)
  A hungry ghost (D:8)
  Menkaure (D:7)
  Edmund (D:5)
  An acid dragon (D:9)
  8 water moccasins
  An orc warrior (D:6)
  A black bear (D:6)
  3 porcupines
  4 ice beasts
  A hornet zombie (D:8)
  2 phantoms
  2 eyes of draining (D:4)
  4 ogres
  3 centaurs
  4 wolves (Lair:1)
  A big kobold (D:10)
  8 bullfrogs
  A water moccasin zombie (D:8)
  2 wyvern skeletons
  4 scorpions
  4 killer bees (D:8)
  4 crimson imps
  4 hounds
  A centaur skeleton (D:8)
  A quasit (D:6)
  2 orc priests
  2 bullfrog skeletons
  A gnoll shaman (D:5)
  An iguana (D:6)
  6 orc wizards
  9 worker ants
  5 adders
  13 gnolls
  4 shadow imps
  2 oozes
  2 adder zombies
  2 worms (D:2)
  3 dart slugs (D:1)
  6 leopard geckos
  26 orcs
  6 bats
  2 giant cockroaches
  10 goblins
  6 hobgoblins
  5 jackals (D:4)
  2 quokkas
  9 frilled lizards
  10 kobolds
  A quokka skeleton (D:5)
  10 rats
236 creatures vanquished.

Vanquished Creatures (collateral kills)
  A death yak (D:10)
  A yak (D:10)
2 creatures vanquished.

Vanquished Creatures (others)
  A fungus (Lair:1)
1 creature vanquished.

Grand Total: 239 creatures vanquished

Notes
Turn   | Place    | Note
-------+----------+-------------------------------------------
     0 | D:1      | manon the Minotaur Berserker began the quest for the Orb.
     0 | D:1      | Reached XP level 1. HP: 19/19 MP: 0/0
    75 | D:1      | Reached skill level 4 in Axes
    88 | D:1      | Reached XP level 2. HP: 21/27 MP: 1/1
   435 | D:1      | Reached ** piety under Trog
   442 | D:1      | Reached XP level 3. HP: 33/33 MP: 2/2
   849 | D:2      | Reached skill level 5 in Axes
   859 | D:2      | Reached XP level 4. HP: 5/41 MP: 3/3
  2131 | D:3      | Reached skill level 5 in Fighting
  2137 | D:3      | Reached skill level 6 in Axes
  2137 | D:3      | Reached XP level 5. HP: 47/48 MP: 4/4
  2594 | D:4      | Found a bloodstained altar of Trog.
  2595 | D:4      | Noticed an eye of draining
  2603 | D:4      | Noticed an eye of draining
  2613 | D:4      | Killed an eye of draining
  2619 | D:4      | Killed an eye of draining
  2619 | D:4      | Reached skill level 7 in Axes
  2619 | D:4      | Reached XP level 6. HP: 57/57 MP: 1/5
  2887 | D:4      | Reached *** piety under Trog
  3043 | D:4      | Found a hide-covered altar of Uskayaw.
  3044 | D:4      | Noticed a dagger
  3045 | D:4      | Noticed a hand axe
  3407 | D:5      | Entered Level 5 of the Dungeon
  3410 | D:5      | Noticed Edmund
  3426 | D:5      | Killed Edmund
  3426 | D:5      | Reached skill level 8 in Axes
  3426 | D:5      | Reached XP level 7. HP: 64/64 MP: 6/6
  3455 | D:5      | Found a staircase to the Ecumenical Temple.
  3596 | D:5      | Reached skill level 1 in Evocations
  3715 | D:5      | Got a fabulously ornate robe
  4026 | D:5      | Reached skill level 9 in Axes
  4296 | D:6      | Reached XP level 8. HP: 49/73 MP: 8/8
  4537 | D:6      | Noticed Totori's ghost (novice MiFi)
  4552 | D:6      | Killed Totori's ghost
  4552 | D:6      | Reached skill level 10 in Axes
  4772 | D:6      | Found Roram's Book Shop.
  4929 | D:6      | Reached skill level 11 in Axes
  5067 | D:7      | Reached XP level 9. HP: 82/82 MP: 10/10
  5155 | D:7      | Noticed Prince Ribbit
  5194 | D:7      | Noticed Menkaure
  5203 | D:7      | Killed Prince Ribbit
  5207 | D:7      | Killed Menkaure
  5516 | D:7      | Found a stormy altar of Qazlal.
  5520 | D:7      | Found a blossoming altar of Fedhas.
  5796 | D:8      | Found Fecsosm's Assorted Antiques.
  5818 | D:8      | Bought a scroll of teleportation for 72 gold pieces
  5818 | D:8      | Bought a scroll of identify for 48 gold pieces
  5826 | D:8      | Noticed Joseph
  5850 | D:8      | Killed Joseph
  6060 | D:8      | Reached **** piety under Trog
  6060 | D:8      | Reached skill level 12 in Axes
  6305 | D:8      | Reached skill level 5 in Evocations
  6429 | D:8      | Reached skill level 5 in Armour
  6569 | D:8      | Reached XP level 10. HP: 87/91 MP: 12/12
  6820 | D:8      | Found a glowing silver altar of Zin.
  6821 | D:8      | Noticed an angel
  7407 | D:9      | Noticed Pikel
  7414 | D:9      | Killed Pikel
  7414 | D:9      | Reached skill level 13 in Axes
  7506 | D:9      | Found Ossebus's Food Boutique.
  7518 | D:9      | Reached skill level 10 in Fighting
  7726 | D:10     | Entered Level 10 of the Dungeon
  7794 | D:10     | Noticed a two-headed ogre
  7806 | D:10     | Killed a two-headed ogre
  7851 | D:10     | Noticed Psyche
  7854 | D:10     | Noticed Sonja
  7877 | D:10     | Noticed a death yak
  7885 | D:10     | Noticed a death yak
  7885 | D:10     | Killed a death yak
  7887 | D:10     | Noticed a death yak
  7999 | D:10     | Found a portal to a secret trove of treasure.
  8049 | D:10     | Found a staircase to the Lair.
  8326 | D:10     | Killed a death yak
  8326 | D:10     | Reached skill level 14 in Axes
  8326 | D:10     | Reached XP level 11. HP: 101/101 MP: 14/14
  8332 | D:10     | Killed a death yak
  8396 | D:10     | Killed Psyche
  8449 | Lair:1   | Entered Level 1 of the Lair of Beasts
  8492 | Lair:1   | Noticed an eight-headed hydra
  8503 | Lair:1   | Killed an eight-headed hydra
  9312 | Lair:1   | Noticed Gastronok
  9327 | Lair:1   | Killed Gastronok
  9598 | Lair:2   | Reached skill level 10 in Armour
  9677 | Lair:2   | Found a glowing silver altar of Zin.
  9703 | Lair:2   | Reached XP level 12. HP: 102/113 MP: 16/16
  9727 | Lair:2   | Noticed a six-headed hydra
  9751 | Lair:2   | HP: 3/113 [17-headed hydra (8)]
  9751 | Lair:2   | Slain by a 17-headed hydra

Skill      XL: |  1  2  3  4  5  6  7  8  9 10 11 |
---------------+----------------------------------+-----
Axes           | 4 5 6 7 8 9 11 12 14 | 14.5
Fighting       | 4 5 6 7 8 9 10 12 | 12.5
Evocations     | 2 3 5 6 |  6.9
Armour         | 5 7 10 | 10.2
Dodging        | |  2.1

Action                   |  1- 3 |  4- 6 |  7- 9 | 10-12 || total
-------------------------+-------+-------+-------+-------++-------
Melee: Hand axe          |    63 |   121 |   136 |       ||   320
       Headbutt          |     8 |    26 |    50 |    65 ||   149
       Halberd           |       |       |   180 |   302 ||   482
       Great mace        |       |       |       |    13 ||    13
Throw: Tomahawk          |       |       |    17 |    11 ||    28
Invok: Berserk           |     2 |     1 |     4 |     6 ||    13
       Trog's Hand       |       |     1 |     4 |     3 ||     8
       Burn Spellbooks   |       |       |     1 |     1 ||     2
       Brothers in Arms  |       |       |       |     1 ||     1
Evoke: Wand              |       |       |     1 |    24 ||    25
  Use: Scroll            |       |     6 |     7 |     7 ||    20
       Potion            |       |       |     1 |     2 ||     3
 Stab: Sleeping          |       |     1 |       |       ||     1
       Confused          |       |       |       |     5 ||     5
  Eat: Chunk             |       |     3 |    16 |    13 ||    32
       Bread ration      |       |     1 |     1 |     1 ||     3
       Fruit             |       |     1 |     2 |     1 ||     4
       Royal jelly       |       |     1 |       |     2 ||     3
Armor: Animal skin       |    13 |     6 |       |       ||    19
       Ring mail         |       |    20 |    18 |       ||    38
       Chain mail        |       |       |    23 |       ||    23
       Plate armour      |       |       |   120 |   225 ||   345
Dodge: Dodged            |    44 |    45 |   111 |    96 ||   296
